| TOP OF THE 1ST |
|
Daytona Beach Islanders batting - Pitching for Pompano Beach Stingrays : LHP Mathew Reeves
|
|
Pitching: LHP Mathew Reeves
|
|
|
Batting: SHB Michael Frierson
|
0-0: Ball 1-0: Ball 2-0: Called Strike 2-1: Called Strike 2-2: Ball 3-2: Foul Ball, location: 2F 3-2: SINGLE (Line Drive, 7S, EV 94.4 MPH)
|
|
Batting: RHB Antonio Alicea
|
0-0: Ball 1-0: Foul Ball, location: 2F 1-1: Ball 2-1: Ball 3-1: Fly out, F9 (Flyball, 9, EV 86.3 MPH)
|
|
Batting: LHB Benny Distefano
|
0-0: Ball 1-0: Fielders Choice at 2nd, 4-6 (Groundball, 34, EV 81.9 MPH)
|
|
Batting: RHB Randy Kutcher
|
0-0: Ball 1-0: Ball 2-0: DOUBLE (Line Drive, 9LM, EV 108.8 MPH) Benny Distefano to third Runner from 3rd tries for Home, SAFE, throw by RF to trailing runner, SAFE at third!
|
|
Batting: RHB Columbus Duncan
|
0-0: Ball 1-0: Called Strike 1-1: Ball 2-1: Ground out 6-3 (Groundball, 6, EV 90.0 MPH)
|
| Top of the 1st over - 1 run, 2 hits, 0 errors, 1 left on base; Daytona Beach 1 - Pompano Beach 0 |
| BOTTOM OF THE 1ST |
|
Pompano Beach Stingrays batting - Pitching for Daytona Beach Islanders : LHP Carlton Roberts
|
|
Pitching: LHP Carlton Roberts
|
|
|
Batting: RHB Jorge Villalobos
|
0-0: Ground out 6-3 (Groundball, 4M, EV 104.4 MPH)
|
|
Batting: SHB Gene Roof
|
0-0: Ball 1-0: Ball 2-0: Ball 3-0: Base on Balls
|
|
Batting: RHB Jimmy Thomas
|
0-0: Ball 1-0: Called Strike 1-1: Ball 2-1: Ball 3-1: Base on Balls Gene Roof to second
|
|
Batting: RHB Mark Strucher
|
0-0: Ball 1-0: Called Strike 1-1: Ball 2-1: Fly out, F7 (Flyball, 7LD, EV 90.6 MPH) Runner from 2nd tags up, SAFE at 3rd, no throw by LF
|
|
Batting: SHB Juan Molina
|
0-0: Ball 1-0: Called Strike 1-1: Ball 2-1: Foul Ball, location: 2F 2-2: Fielders Choice at 2nd, 5-4 (Groundball, 56, EV 83.8 MPH)
|
| Bottom of the 1st over - 0 runs, 0 hits, 0 errors, 2 left on base; Daytona Beach 1 - Pompano Beach 0 |
| TOP OF THE 2ND |
|
Daytona Beach Islanders batting - Pitching for Pompano Beach Stingrays : LHP Mathew Reeves
|
|
Batting: RHB Douglas Wabeke
|
0-0: Ball 1-0: Called Strike 1-1: Called Strike 1-2: SINGLE (Groundball, 6MD, EV 103.8 MPH)
|
|
Batting: LHB Danny Hernandez
|
0-0: Fly out, F4 (Popup, 4M, EV 75.0 MPH)
|
|
Batting: RHB Jeff Rutledge
|
0-0: Swinging Strike 0-1: Ball 1-1: Swinging Strike 1-2: Strikes out swinging
|
|
Batting: RHB Kalvin Adams
|
0-0: Swinging Strike 0-1: Swinging Strike 0-2: Foul Ball, location: 2F 0-2: Ball 1-2: Foul Ball, location: 2F 1-2: Foul Ball, location: 2F 1-2: Ground out 6-3 (Groundball, 6M, EV 86.9 MPH)
|
| Top of the 2nd over - 0 runs, 1 hit, 0 errors, 1 left on base; Daytona Beach 1 - Pompano Beach 0 |
| BOTTOM OF THE 2ND |
|
Pompano Beach Stingrays batting - Pitching for Daytona Beach Islanders : LHP Carlton Roberts
|
|
Batting: LHB Steve Phillips
|
0-0: Foul Ball, location: 2F 0-1: Called Strike 0-2: Strikes out swinging
|
|
Batting: LHB Arnold McCrary
|
0-0: Ball 1-0: Called Strike 1-1: Ball 2-1: Ground out 4-3 (Groundball, 4M, EV 86.9 MPH)
|
|
Batting: RHB William Waag
|
0-0: Ball 1-0: Ball 2-0: Ball 3-0: SINGLE (Groundball, 4MD, EV 105.6 MPH)
|
|
Batting: SHB Maury Ornest
|
Pickoff Throw to First - Error! E1 William Waag to second 0-0: Ball 1-0: Ball 2-0: Ball 3-0: Called Strike 3-1: Base on Balls
|
|
Batting: RHB Jorge Villalobos
|
0-0: Called Strike 0-1: Swinging Strike 0-2: Ball 1-2: Strikes out looking
|
| Bottom of the 2nd over - 0 runs, 1 hit, 1 error, 2 left on base; Daytona Beach 1 - Pompano Beach 0 |
| TOP OF THE 3RD |
|
Daytona Beach Islanders batting - Pitching for Pompano Beach Stingrays : LHP Mathew Reeves
|
|
Batting: SHB Michael Frierson
|
0-0: Ball 1-0: Ball 2-0: Ball 3-0: Called Strike 3-1: Foul Ball, location: 2F 3-2: Ground out 5-3 (Groundball, 56, EV 103.1 MPH)
|
|
Batting: RHB Antonio Alicea
|
0-0: Called Strike 0-1: Ground out 6-3 (Groundball, 56, EV 88.8 MPH)
|
|
Batting: LHB Benny Distefano
|
0-0: Fly out, F5 (Flyball, 5D, EV 80.0 MPH)
|
| Top of the 3rd over - 0 runs, 0 hits, 0 errors, 0 left on base; Daytona Beach 1 - Pompano Beach 0 |
| BOTTOM OF THE 3RD |
|
Pompano Beach Stingrays batting - Pitching for Daytona Beach Islanders : LHP Carlton Roberts
|
|
Batting: SHB Gene Roof
|
0-0: Called Strike 0-1: Called Strike 0-2: Ground out U3 (Groundball, 34S, EV 68.8 MPH)
|
|
Batting: RHB Jimmy Thomas
|
0-0: Ground out 5-3 (Groundball, 56, EV 90.0 MPH)
|
|
Batting: RHB Mark Strucher
|
0-0: Ball 1-0: Called Strike 1-1: Foul Ball, location: 2F 1-2: Fly out, F7 (Flyball, 7S, EV 84.4 MPH)
|
| Bottom of the 3rd over - 0 runs, 0 hits, 0 errors, 0 left on base; Daytona Beach 1 - Pompano Beach 0 |
| TOP OF THE 4TH |
|
Daytona Beach Islanders batting - Pitching for Pompano Beach Stingrays : LHP Mathew Reeves
|
|
Batting: RHB Randy Kutcher
|
0-0: Swinging Strike 0-1: Swinging Strike 0-2: Fly out, F4 (Popup, 4D, EV 66.9 MPH)
|
|
Batting: RHB Columbus Duncan
|
0-0: Called Strike 0-1: Ball 1-1: Ball 2-1: Called Strike 2-2: Strikes out swinging
|
|
Batting: RHB Douglas Wabeke
|
0-0: Swinging Strike 0-1: Fly out, F7 (Flyball, 78S, EV 73.1 MPH)
|
| Top of the 4th over - 0 runs, 0 hits, 0 errors, 0 left on base; Daytona Beach 1 - Pompano Beach 0 |
| BOTTOM OF THE 4TH |
|
Pompano Beach Stingrays batting - Pitching for Daytona Beach Islanders : LHP Carlton Roberts
|
|
Batting: SHB Juan Molina
|
0-0: Called Strike 0-1: Foul Ball, location: 2F 0-2: Ground out 5-3 (Groundball, 5, EV 92.5 MPH)
|
|
Batting: LHB Steve Phillips
|
0-0: Ball 1-0: Swinging Strike 1-1: Foul Ball, location: 2F 1-2: Ball 2-2: Fly out, F8 (Line Drive, 8RD, EV 101.3 MPH)
|
|
Batting: LHB Arnold McCrary
|
0-0: Ball 1-0: Ball 2-0: Ball 3-0: Called Strike 3-1: SINGLE (Flyball, 56D, EV 85.0 MPH)
|
|
Batting: RHB William Waag
|
0-0: Ball 1-0: Ball 2-0: Called Strike 2-1: Ground out 5-3 (Groundball, 56S, EV 93.1 MPH)
|
| Bottom of the 4th over - 0 runs, 1 hit, 0 errors, 1 left on base; Daytona Beach 1 - Pompano Beach 0 |
| TOP OF THE 5TH |
|
Daytona Beach Islanders batting - Pitching for Pompano Beach Stingrays : LHP Mathew Reeves
|
|
Batting: LHB Danny Hernandez
|
0-0: Ground out 4-3 (Groundball, 4, EV 85.6 MPH)
|
|
Batting: RHB Jeff Rutledge
|
0-0: Ball 1-0: Ball 2-0: Ground out 6-3 (Groundball, 6S, EV 85.6 MPH)
|
|
Batting: RHB Kalvin Adams
|
0-0: Called Strike 0-1: Fly out, F7 (Flyball, 7S, EV 84.4 MPH)
|
| Top of the 5th over - 0 runs, 0 hits, 0 errors, 0 left on base; Daytona Beach 1 - Pompano Beach 0 |
| BOTTOM OF THE 5TH |
|
Pompano Beach Stingrays batting - Pitching for Daytona Beach Islanders : LHP Carlton Roberts
|
|
Batting: SHB Maury Ornest
|
0-0: Foul Ball, location: 2F 0-1: Ball 1-1: Fly out, F7 (Line Drive, 7D, EV 88.1 MPH)
|
|
Batting: RHB Jorge Villalobos
|
0-0: Ball 1-0: Called Strike 1-1: Ground out 4-3 (Groundball, 4, EV 82.5 MPH)
|
|
Batting: SHB Gene Roof
|
0-0: Called Strike 0-1: SINGLE (Line Drive, 9S, EV 88.1 MPH)
|
|
Batting: RHB Jimmy Thomas
|
0-0: Ball 1-0: Called Strike 1-1: TRIPLE (Flyball, 78XD, EV 96.3 MPH) Gene Roof scores
|
|
Batting: RHB Mark Strucher
|
0-0: Called Strike 0-1: Ball 1-1: Ball 2-1: Ball 3-1: TRIPLE (Flyball, 89XD, EV 107.5 MPH) Jimmy Thomas scores
|
|
Batting: SHB Juan Molina
|
0-0: Intentional Walk
|
|
Batting: LHB Steve Phillips
|
0-0: Called Strike 0-1: Ball 1-1: Ball Wild Pitch! Mark Strucher scores Juan Molina to second 2-1: Called Strike 2-2: Fly out, F8 (Flyball, 8LD, EV 80.6 MPH)
|
| Bottom of the 5th over - 3 runs, 3 hits, 0 errors, 1 left on base; Daytona Beach 1 - Pompano Beach 3 |
| TOP OF THE 6TH |
|
Daytona Beach Islanders batting - Pitching for Pompano Beach Stingrays : LHP Mathew Reeves
|
|
Batting: SHB Michael Frierson
|
0-0: Called Strike 0-1: Called Strike 0-2: Foul Ball, location: 2F 0-2: Strikes out swinging
|
|
Batting: RHB Antonio Alicea
|
0-0: Called Strike 0-1: Ball 1-1: Called Strike 1-2: Foul Ball, location: 2F 1-2: Ball 2-2: Ball 3-2: Base on Balls
|
|
Batting: LHB Benny Distefano
|
0-0: Ball 1-0: Foul Ball, location: 2F 1-1: SINGLE (Line Drive, 89S, EV 109.4 MPH) Antonio Alicea to second
|
|
Batting: RHB Randy Kutcher
|
0-0: Called Strike 0-1: Fly out, F7 (Flyball, 7, EV 71.9 MPH)
|
|
Batting: RHB Columbus Duncan
|
0-0: Called Strike 0-1: Fielders Choice at 2nd, 6-4 (Groundball, 6, EV 94.4 MPH)
|
| Top of the 6th over - 0 runs, 1 hit, 0 errors, 2 left on base; Daytona Beach 1 - Pompano Beach 3 |
| BOTTOM OF THE 6TH |
|
Pompano Beach Stingrays batting - Pitching for Daytona Beach Islanders : LHP Carlton Roberts
|
|
Batting: LHB Arnold McCrary
|
0-0: Ball 1-0: Foul Ball, location: 2F 1-1: Called Strike 1-2: Foul Ball, location: 2F 1-2: Foul Ball, location: 2F 1-2: Ground out 6-3 (Groundball, 6MD, EV 96.9 MPH)
|
|
Batting: RHB William Waag
|
0-0: Ball 1-0: Ball 2-0: Fly out, F8 (Flyball, 8LM, EV 85.0 MPH)
|
|
Batting: SHB Maury Ornest
|
0-0: Foul Ball, location: 2F 0-1: Ground out 6-3 (Groundball, 6, EV 80.6 MPH)
|
| Bottom of the 6th over - 0 runs, 0 hits, 0 errors, 0 left on base; Daytona Beach 1 - Pompano Beach 3 |
| TOP OF THE 7TH |
|
Daytona Beach Islanders batting - Pitching for Pompano Beach Stingrays : LHP Mathew Reeves
|
|
Batting: RHB Douglas Wabeke
|
0-0: Ball 1-0: Called Strike 1-1: Ball 2-1: Ball 3-1: Base on Balls
|
|
Batting: LHB Danny Hernandez
|
0-0: Bunt missed! 0-1: Sac Bunt to 2R - play at first, batter OUT! 2-4 Douglas Wabeke to second
|
|
Batting: RHB Jeff Rutledge
|
0-0: Foul Ball, location: 2F 0-1: Foul Ball, location: 2F 0-2: Strikes out swinging
|
|
Batting: RHB Kalvin Adams
|
0-0: Called Strike 0-1: Ball 1-1: Foul Ball, location: 2F 1-2: Foul Ball, location: 2F 1-2: Foul Ball, location: 2F 1-2: Reached on error, E4 (Groundball, 4, EV 85.6 MPH) Douglas Wabeke to third
|
|
Batting: SHB Michael Frierson
|
0-0: Ball 1-0: Ball 2-0: Called Strike 2-1: Called Strike Pickoff Throw to First - Out! 1-3
|
| Top of the 7th over - 0 runs, 0 hits, 1 error, 1 left on base; Daytona Beach 1 - Pompano Beach 3 |
| BOTTOM OF THE 7TH |
|
Pompano Beach Stingrays batting - Pitching for Daytona Beach Islanders : LHP Carlton Roberts
|
|
Batting: RHB Jorge Villalobos
|
0-0: Ball 1-0: Called Strike 1-1: SINGLE (Line Drive, 8RS, EV 90.6 MPH)
|
|
Batting: SHB Gene Roof
|
0-0: Ball 1-0: Bunt missed! 1-1: Bunted foul 1-2: Ball 2-2: SINGLE (Line Drive, 8LS, EV 100.6 MPH) Jorge Villalobos to second
|
|
Batting: RHB Jimmy Thomas
|
0-0: Foul Ball, location: 2F 0-1: Called Strike 0-2: Grounds into double play, 6-4-3 (Groundball, 6, EV 110.6 MPH) Jorge Villalobos to third
|
|
Batting: RHB Mark Strucher
|
0-0: Ball 1-0: Ground out 4-3 (Groundball, 4M, EV 85.6 MPH)
|
| Bottom of the 7th over - 0 runs, 2 hits, 0 errors, 1 left on base; Daytona Beach 1 - Pompano Beach 3 |
| TOP OF THE 8TH |
|
Daytona Beach Islanders batting - Pitching for Pompano Beach Stingrays : LHP Mathew Reeves
|
|
Batting: SHB Michael Frierson
|
0-0: Called Strike 0-1: Foul Ball, location: 2F 0-2: Strikes out swinging
|
|
Batting: RHB Antonio Alicea
|
0-0: Ground out 6-3 (Groundball, 6, EV 102.5 MPH)
|
|
Batting: LHB Benny Distefano
|
0-0: Fly out, F7 (Flyball, 7, EV 87.5 MPH)
|
| Top of the 8th over - 0 runs, 0 hits, 0 errors, 0 left on base; Daytona Beach 1 - Pompano Beach 3 |
| BOTTOM OF THE 8TH |
|
Pompano Beach Stingrays batting - Pitching for Daytona Beach Islanders : LHP Carlton Roberts
|
|
Batting: SHB Juan Molina
|
0-0: Ball 1-0: Ball 2-0: Swinging Strike 2-1: Ball 3-1: Foul Ball, location: 2F 3-2: Base on Balls
|
|
Batting: LHB Steve Phillips
|
0-0: Ball 1-0: Sac Bunt to 13 - play at first, batter OUT! 1-4 Juan Molina to second
|
|
Batting: LHB Arnold McCrary
|
0-0: Ground out 3-1 (Groundball, 23, EV 91.3 MPH) Juan Molina to third
|
|
Batting: RHB William Waag
|
0-0: Intentional Walk
|
|
Pitching: RHP Michael Rostas
|
|
|
Batting: SHB Maury Ornest
|
0-0: Ball 1-0: Ball 2-0: Ball 3-0: Base on Balls William Waag to second
|
|
Batting: RHB Jorge Villalobos
|
0-0: Called Strike 0-1: Ball 1-1: Foul Ball, location: 2F 1-2: Strikes out looking
|
| Bottom of the 8th over - 0 runs, 0 hits, 0 errors, 3 left on base; Daytona Beach 1 - Pompano Beach 3 |
| TOP OF THE 9TH |
|
Daytona Beach Islanders batting - Pitching for Pompano Beach Stingrays : LHP Mathew Reeves
|
|
Pitching: RHP Don Kainer
|
|
|
Batting: RHB Randy Kutcher
|
0-0: Foul Ball, location: 2F 0-1: Swinging Strike 0-2: Ball 1-2: Ball 2-2: Reached via error on a dropped throw from P, E3 (Groundball, 34S, EV 68.1 MPH)
|
|
Batting: RHB Columbus Duncan
|
0-0: Called Strike 0-1: Ball 1-1: 2-RUN HOME RUN (Flyball, 7LD, EV 102.5 MPH), Distance : 341 ft
|
|
Batting: RHB Douglas Wabeke
|
0-0: Foul Ball, location: 2F 0-1: Foul Ball, location: 2F 0-2: Ball 1-2: Ball 2-2: Fly out, F7 (Flyball, 7D, EV 94.4 MPH)
|
|
Batting: LHB Danny Hernandez
|
0-0: Called Strike 0-1: Fly out, F2 (Popup, 5SF, EV 87.5 MPH)
|
|
Batting: RHB Jeff Rutledge
|
0-0: Ball 1-0: Ball 2-0: Foul Ball, location: 2F 2-1: Ball 3-1: Fly out, F6 (Line Drive, 6, EV 75.0 MPH)
|
| Top of the 9th over - 2 runs, 1 hit, 1 error, 0 left on base; Daytona Beach 3 - Pompano Beach 3 |
| BOTTOM OF THE 9TH |
|
Pompano Beach Stingrays batting - Pitching for Daytona Beach Islanders : RHP Michael Rostas
|
|
Pitching: RHP Ricky Henriquez
|
|
|
Batting: SHB Gene Roof
|
0-0: Foul Ball, location: 2F 0-1: Ball 1-1: Foul Ball, location: 2F 1-2: Ball 2-2: Ball 3-2: Foul Ball, location: 2F 3-2: Strikes out swinging
|
|
Batting: RHB Jimmy Thomas
|
0-0: Ground out 4-3 (Groundball, 4, EV 89.4 MPH)
|
|
Batting: SHB Tom Barrett
|
0-0: Foul Ball, location: 2F 0-1: Ball 1-1: Foul Ball, location: 2F 1-2: Ground out 5-3 (Groundball, 56S, EV 74.4 MPH)
|
| Bottom of the 9th over - 0 runs, 0 hits, 0 errors, 0 left on base; Daytona Beach 3 - Pompano Beach 3 |
| TOP OF THE 10TH |
|
Daytona Beach Islanders batting - Pitching for Pompano Beach Stingrays : RHP Don Kainer
|
|
Batting: RHB Kalvin Adams
|
0-0: Ball 1-0: Fly out, F9 (Flyball, 89M, EV 85.0 MPH)
|
|
Batting: SHB Michael Frierson
|
0-0: Called Strike 0-1: Foul Ball, location: 2F 0-2: Ball 1-2: Foul Ball, location: 2F 1-2: Ball 2-2: Foul Ball, location: 2F 2-2: Ball 3-2: Ground out 2-3 (Groundball, 15S, EV 71.3 MPH)
|
|
Batting: RHB Antonio Alicea
|
0-0: Ball 1-0: Ball 2-0: Ball 3-0: Called Strike 3-1: Ground out 4-3 (Groundball, 34, EV 79.4 MPH)
|
| Top of the 10th over - 0 runs, 0 hits, 0 errors, 0 left on base; Daytona Beach 3 - Pompano Beach 3 |
| BOTTOM OF THE 10TH |
|
Pompano Beach Stingrays batting - Pitching for Daytona Beach Islanders : RHP Ricky Henriquez
|
|
Batting: SHB Juan Molina
|
0-0: Called Strike 0-1: Ball 1-1: Called Strike 1-2: Foul Ball, location: 2F 1-2: Strikes out swinging
|
|
Batting: LHB Steve Phillips
|
0-0: SINGLE (Line Drive, 8RS, EV 106.9 MPH)
|
|
Batting: LHB Arnold McCrary
|
0-0: Ball 1-0: Foul Ball, location: 2F 1-1: Ball Steve Phillips is caught stealing 2nd base 2-6 2-1: Ball 3-1: SINGLE (Groundball, 5D, EV 106.3 MPH)
|
|
Batting: RHB William Waag
|
0-0: Ball 1-0: Called Strike Arnold McCrary steals 2nd base 1-1: SINGLE (Groundball, 34D, EV 103.8 MPH) Arnold McCrary to third Runner from 3rd tries for Home, SAFE, throw by RF to home
|
| Bottom of the 10th over - 1 run, 3 hits, 0 errors, 0 left on base; Daytona Beach 3 - Pompano Beach 4 |
|